 Dungeon Crawl Stone Soup version 0.32-a0-996-gb3226c233f (webtiles) character file.

Game seed: 1158540156267515348

46 freelancePsychic the Magician (level 3, 0/27 HPs)
             Began as a Djinni Air Elementalist on Apr 23, 2024.
             Killed by their own static electricity (2 damage)
             ... on level 2 of the Dungeon.
             The game lasted 00:01:14 (846 turns).

freelancePsychic the Magician (DjAE)                 Turns: 846, Time: 00:01:15

Health: 0/27       AC:  3    Str:  6 (7)  XL:     3   Next: 95%
Gold:   48         EV:  5    Int: 16 (18) God:
                   SH:  0    Dex: 10 (13)

rFire   + + .        (no weapon)
rCold   x . .        (no shield)
rNeg    . . .        a - +0 robe
rPois   ∞            (no helmet)
rElec   .            b - +0 cloak
rCorr   .            (no gloves)
SInv    .            (boots unavailable)
Will    .....        (no amulet)
Stlth   ++           (no ring)
HPRegen 0.24/turn    (no ring)

%: infuse magic (-1 HP)
@: flying, very slightly contaminated, held
A: sickness immunity, fire resistance 2, cold vulnerability 1, float, innate
caster, HP casting, extra vitality 1
a: no special abilities


You were on level 2 of the Dungeon.
You visited 1 branch of the dungeon, and saw 2 of its levels.

You collected 48 gold pieces.

Inventory:

Armour
 a - a +0 robe (worn)
 b - a +0 cloak (worn)
Scrolls
 d - a scroll of enchant weapon {unknown}
 e - a scroll of poison {unknown}
 h - 2 scrolls of identify {unknown}
 i - a scroll of immolation {unknown}
Potions
 c - a potion of berserk rage {unknown}
 f - a potion of invisibility {unknown}
 k - a potion of haste {unknown}


   Skills:
 + Level 1.5 Fighting
 - Level 2.1 Dodging
 - Level 1.5 Stealth
 * Level 3.8 Spellcasting
 * Level 3.8 Conjurations
 * Level 3.8 Hexes
   Level 0.0 Charms
 * Level 3.8 Summonings
 * Level 3.8 Necromancy
 * Level 3.8 Translocations
   Level 0.0 Transmutations
 * Level 3.8 Fire Magic
 * Level 3.8 Ice Magic
 * Level 3.8 Air Magic
 * Level 3.8 Earth Magic
 * Level 3.8 Alchemy


You knew the following spells:

 Your Spells              Type           Power      Damage    Failure   Level
a - Shock                 Conj/Air       60%        1d6       3%          1
b - Static Discharge      Conj/Air       30%        3-5/arc   5%          2
c - Swiftness             Air            15%        N/A       11%         3
d - Airstrike             Air            7%         2d(2-18)  34%         4
e - Summon Small Mammal   Summ           60%        N/A       3%          1
Your spell library was empty.

Dungeon Overview and Level Annotations

Branches:
Dungeon (2/15)

Altars:


Innate Abilities, Weirdness & Mutations

You are immune to sickness and miasma.
You are immune to poison.
Your flesh is very heat resistant. (rF++)
You are vulnerable to cold. (rC-)
You float through the air rather than walking.
You learn spells naturally, not from books.
Your magical power is your life essence.
You have superior vitality. (+4 MHP)


Message History

The ribbon worm expels a string of sticky webbing.
The stream of webbing hits you but does no damage.
You are caught in a web!
You miscast Shock.
You are very lightly contaminated with residual magic.
Nothing appears to happen.
Casting: Shock (safe; 3% risk of failure)
Confirm with . or Enter, or press ? or * to list all spells.
The ribbon worm is struck by an arc of lightning.
The ribbon worm is moderately wounded.
You are struck by an arc of lightning.
The ribbon worm is struck by an arc of lightning.
The ribbon worm is heavily wounded.
The lightning grounds out.
The ribbon worm bites you.
Casting: Static Discharge (safe; 5% risk of failure)
Confirm with . or Enter, or press ? or * to list all spells.
The ribbon worm is struck by an arc of lightning.
The ribbon worm is heavily wounded.
You are struck by an arc of lightning.
* * * LOW HITPOINT WARNING * * *
The lightning grounds out.
* * * LOW HITPOINT WARNING * * *
The ribbon worm expels a string of sticky webbing.
The stream of webbing misses you.
Casting: Static Discharge (safe; 5% risk of failure)
Confirm with . or Enter, or press ? or * to list all spells.
The ribbon worm is struck by an arc of lightning.
The ribbon worm is severely wounded.
You are struck by an arc of lightning.
* * * LOW HITPOINT WARNING * * *
The ribbon worm is struck by an arc of lightning.
The ribbon worm is almost dead.
The lightning grounds out.
* * * LOW HITPOINT WARNING * * *
Casting: Static Discharge (safe; 5% risk of failure)
Confirm with . or Enter, or press ? or * to list all spells.
The ribbon worm is struck by an arc of lightning.
You kill the ribbon worm!
You are struck by an arc of lightning.
You die...

#..##.......#
##...#.......#
##..#.#.......
#.....# #..####
#..########## #
#..##.......#
.##.##>.##.......#
.......@.........#
###.##..#........#
.. ##.#........#
.. #.#........# #
#.#........#
#..........#
##.........#
##........#
.w.r....#######


There were no monsters in sight!

Vanquished Creatures
  Natasha (D:2)
  A ribbon worm (D:2)
  A dart slug (D:1)
  2 bats (D:1)
  4 endoplasms
  A goblin (D:1)
  A hobgoblin (D:1)
  2 jackals (D:2)
  A quokka (D:1)
  2 ball pythons (D:1)
  2 frilled lizards (D:1)
  A kobold (D:1)
  A rat (D:2)
20 creatures vanquished.

Notes
Turn   | Place    | Note
-------+----------+-------------------------------------------
     0 | D:1      | freelancePsychic the Djinni Air Elementalist began the
                  | quest for the Orb.
     0 | D:1      | freelancePsychic set off with the following spells
                  | memorised: Shock, Static Discharge, Swiftness, Airstrike.
     0 | D:1      | Reached XP level 1. HP: 15/15 MP: 0/0
    67 | D:1      | Reached XP level 2. HP: 17/22 MP: 0/0
   340 | D:1      | Reached skill level 1 in Fighting
   518 | D:1      | Found a faded altar of an unknown god.
   737 | D:2      | Noticed Natasha
   748 | D:2      | Killed Natasha
   749 | D:2      | Reached XP level 3. HP: 14/27 MP: 0/0
   749 | D:2      | Learned a level 1 spell: Summon Small Mammal
   846 | D:2      | Killed from afar by themself

Illustrated notes

Levels and vault maps discovered:
D:1:      dpeg_arrival_round_a, layout_rooms,
          shapermc_ecumenical_altar_hornbeckon
D:2:      layout_basic, minmay_misc_feat_roman, st_stairs_12, uniq_terence,
          uniq_natasha, uniq_robin

Skill      XL: |  1  2 |
---------------+-------+-----
Fighting       | 1 |  1.5
Dodging        | |  2.1
Stealth        | |  1.5
Spellcasting   | |  3.8
Conjurations   | |  3.8
Hexes          | |  3.8
Summonings     | |  3.8
Necromancy     | |  3.8
Translocations | |  3.8
Fire Magic     | |  3.8
Ice Magic      | |  3.8
Air Magic      | |  3.8
Earth Magic    | |  3.8
Alchemy        | |  3.8

Action                     || total
---------------------------++-------
   Cast: Shock             ||    40
         Static Discharge  ||     6
    Use: Potion            ||     3
 Armour: Robe              ||    11
  Dodge: Dodged            ||     3

Table legend: (Time is in decaauts)
 A = Elapsed time spent in this place.
 B = Non-inter-level travel time spent in this place.
 C = Inter-level travel time spent in this place.
 D = Time resting spent in this place.
 E = Time spent auto-exploring this place.
 F = Levels seen in this place.
 G = Mean time per level.
                   A        B        C        D        E       F      G
               +--------+--------+--------+--------+--------+-----+--------+
         Total |    845 |    773 |     72 |      0 |    663 |   2 |  422.5 |
       Dungeon |    845 |    773 |     72 |      0 |    663 |   2 |  422.5 |
               +--------+--------+--------+--------+--------+-----+--------+

Top non-repeatable levels by time:
     D:1: 624 daAuts
     D:2: 221 daAuts
